 Dungeon Crawl Stone Soup version 0.26.1-11-gd32895ea62 (webtiles) character file.

Game seed: 9314728776926454312

1727 vvl the Chiller (level 9, 0/62 HPs)
             Began as a Human Ice Elementalist on June 16, 2021.
             Was a Follower of Kikubaaqudgha.
             Slain by an orc warrior
             ... wielding a +0 mace
              (15 damage)
             ... on level 6 of the Dungeon.
             The game lasted 00:25:13 (9402 turns).

vvl the Chiller (Human Ice Elementalist)            Turns: 9402, Time: 00:25:14

Health: 0/62       AC:  8    Str: 15    XL:     9   Next: 25%
Magic:  13/15      EV: 14    Int: 16    God:    Kikubaaqudgha [*.....]
Gold:   56         SH:  0    Dex: 24    Spells: 9/16 levels left

rFire    + . .     SeeInvis .   C - +4 rapier of Infinite Pain {flame, *Noise rF+ Str+4 Dex+4}
rCold    + . .     Faith    .   (no shield)
rNeg     . . .     Spirit   .   z - +0 ring mail
rPois    .         Reflect  .   (no helmet)
rElec    .         Harm     .   y - +0 cloak
rCorr    .         Rampage  .   p - +0 pair of gloves
Will     .....                  (no boots)
Stlth    ++........             (no amulet)
HPRegen  0.20/turn              k - +6 ring of dexterity
MPRegen  0.14/turn              a - ring of protection from cold

@: no status effects
A: no striking features
a: Renounce Religion, Receive Corpses


You were on level 6 of the Dungeon.
You worshipped Kikubaaqudgha.
Kikubaaqudgha was aware of your devotion.
You visited 2 branches of the dungeon, and saw 8 of its levels.

You collected 374 gold pieces.
You spent 318 gold pieces at shops.

Inventory:

Hand Weapons
 b - a +4 quarterstaff of chaos
 c - a +1 war axe of holy wrath
 t - a +2 trident of venom
 u - the +4 falchion of Eternal Harmony {flame, *Corrode +Inv rElec Stlth+}
   (You found it on level 5 of the Dungeon)

   It has been specially enchanted to burn those struck by it, causing extra
   injury to most foes and up to half again as much damage against particularly
   susceptible opponents.
   Big, fiery blades are also staple armaments of hydra-hunters.
   It insulates you from electricity.
   It lets you turn invisible.
   It may corrode you when you take damage.
   It makes you more stealthy.
 C - the +4 rapier of Infinite Pain (weapon) {flame, *Noise rF+ Str+4 Dex+4}
   (You found it on level 6 of the Dungeon)

   It has been specially enchanted to burn those struck by it, causing extra
   injury to most foes and up to half again as much damage against particularly
   susceptible opponents.
   It affects your strength (+4).
   It affects your dexterity (+4).
   It protects you from fire.
   It may make noises in combat.
Armour
 p - a +0 pair of gloves (worn)
 y - a +0 cloak (worn)
 z - a +0 ring mail (worn)
Jewellery
 a - a ring of protection from cold (right hand)
 k - a +6 ring of dexterity (left hand)
Wands
 m - a wand of enslavement (9)
 o - a wand of paralysis (7)
Scrolls
 d - 4 scrolls of enchant weapon
 f - a scroll of identify
 g - 4 scrolls of enchant armour
 l - 4 scrolls of remove curse
 n - 3 scrolls of magic mapping
 v - a scroll of teleportation
 x - 4 scrolls of immolation
 B - a scroll of summoning
 D - a scroll of blinking
Potions
 e - 3 potions of attraction
 h - a potion of berserk rage
 i - 2 potions of curing
 j - 2 potions of ambrosia
 q - 2 potions of mutation
 w - a potion of brilliance {unknown}
 A - 2 potions of magic


   Skills:
 + Level 2.5 Fighting
 + Level 2.4 Long Blades
 + Level 1.5(1.8) Polearms
 - Level 1.1(1.5) Staves
 + Level 3.7 Armour
 + Level 4.2 Dodging
 - Level 2.0 Stealth
 + Level 2.2 Shields
 + Level 4.0 Spellcasting
 + Level 3.3 Necromancy
 + Level 1.4 Transmutations
 + Level 6.5 Ice Magic
 + Level 2.4 Evocations


You had 9 spell levels left.
You knew the following spells:

 Your Spells              Type           Power        Failure   Level
a - Freeze                Ice            96%          1%          1
b - Frozen Ramparts       Ice            48%          6%          3
c - Ozocubu's Armour      Ice            24%          6%          3

Your spell library contained the following spells:

 Spells                   Type           Power        Failure   Level
 Animate Skeleton         Necr           26%          8%          1
 Pain                     Necr           52%          8%          1
 Sublimation of Blood     Necr           6%           12%         2
 Beastly Appendage        Tmut           14%          17%         1
 Vampiric Draining        Necr           6%           24%         3
 Wereblood                Tmut           7%           26%         2
 Foxfire                  Conj/Fire      12%          30%         1
 Magic Dart               Conj           12%          30%         1
 Searing Ray              Conj           6%           43%         2
 Ice Form                 Ice/Tmut       16%          52%         4
 Spider Form              Tmut/Pois      2%           56%         3
 Hailstorm                Conj/Ice       13%          63%         4
 Summon Ice Beast         Ice/Summ       13%          63%         4
 Conjure Flame            Conj/Fire      3%           67%         3
 Dazzling Flash           Conj/Hex       6%           67%         3
 Inner Flame              Hex/Fire       3%           67%         3
 Fulminant Prism          Conj/Hex       1%           97%         4
 Iskenderun's Mystic Bla  Conj/Tloc      3%           97%         4
 Sticky Flame             Conj/Fire      3%           97%         4
 Blade Hands              Tmut           3%           99%         5
 Fireball                 Conj/Fire      1%           100%        5


Dungeon Overview and Level Annotations

Branches:
Dungeon (7/15)             Temple (1/1) D:4

Altars:
Ashenzari
Cheibriados
Dithmenos
Elyvilon
Fedhas
Gozag
Hepliaklqana
Kikubaaqudgha
Makhleb
Nemelex Xobeh
Okawaru
Qazlal
Ru
Sif Muna
Trog
Uskayaw
Vehumet
Wu Jian
Xom
Yredelemnul
Zin
The Shining One

Shops:
D:6 ?


Message History

The orc warrior is severely wounded.
The wall freezes the orc warrior.
The orc warrior barely misses you.
You hit the orc warrior but do no damage.
The orc warrior is severely wounded.
The frozen ramparts melt away.
The orc warrior closely misses you.
You closely miss the orc warrior.
The orc warrior is severely wounded.
The orc warrior hits you with a +0 mace.
You hit the orc warrior but do no damage.
The orc warrior is severely wounded.
The orc warrior hits you with a +0 mace!
You barely miss the orc warrior.
The orc warrior is severely wounded.
The orc warrior hits you with a +0 mace!
* * * LOW HITPOINT WARNING * * *
You hit the orc warrior. You burn the orc warrior.
The orc warrior is severely wounded.
The orc warrior hits you with a +0 mace!
You die...
Kikubaaqudgha rasps: "You have failed me!
Welcome... death!"

..............#
.............## #########
.............# ##.......##
......[)....## #..........
...........## #..........
..........## #..........
##.........# #..........
###....##o# #..........
#######@## #.........( #..#
#.......... ##.#
##......... #.###
#........#
###...#####......##
##...##...##....####
########..#######...<####..
#######........##
###....#..#
....>....##.#..# ####..###


You could see an orc warrior.

Vanquished Creatures
  Grinder (D:5)
  Eustachio (D:6)
  2 phantoms
  A necrophage (D:6)
  2 bullfrogs (D:6)
  Blork the orc (D:5)
  3 wights (D:6)
  A howler monkey (D:6)
  A hound (D:5)
  A bullfrog zombie (D:6)
  3 orc priests
  A gnoll shaman (D:6)
  3 orc wizards
  Crazy Yiuf (D:4)
  A bullfrog skeleton (D:4)
  An iguana (D:5)
  6 worker ants
  A mummy (D:4)
  A hound skeleton (D:4)
  7 adders
  6 gnolls
  A white imp (D:5)
  An ooze (D:2)
  5 worms
  4 dart slugs
  5 leopard geckos
  19 orcs
  6 giant cockroaches
  12 goblins
  10 hobgoblins
  3 jackals (D:1)
  2 quokkas (D:3)
  A ball python (D:1)
  4 bats
  5 frilled lizards
  A hobgoblin zombie (D:4)
  A jackal skeleton (D:4)
  6 kobolds
  A kobold zombie (D:4)
  A leopard gecko skeleton (D:5)
  6 rats
139 creatures vanquished.

Notes
Turn   | Place    | Note
-------+----------+-------------------------------------------
     0 | D:1      | vvl the Human Ice Elementalist began the quest for the Orb.
     0 | D:1      | Reached XP level 1. HP: 13/13 MP: 3/3
   529 | D:1      | Reached XP level 2. HP: 16/19 MP: 5/5
  1060 | D:1      | Reached XP level 3. HP: 24/24 MP: 6/6
  1281 | D:1      | Reached skill level 1 in Armour
  2001 | D:2      | Reached XP level 4. HP: 30/30 MP: 5/7
  2457 | D:2      | Found a hide-covered altar of Uskayaw.
  2843 | D:2      | Learned a level 3 spell: Frozen Ramparts
  2847 | D:2      | Learned a level 3 spell: Ozocubu's Armour
  3428 | D:3      | Reached XP level 5. HP: 34/35 MP: 2/8
  3967 | D:3      | Reached skill level 5 in Ice Magic
  4284 | D:4      | Reached skill level 1 in Necromancy
  4321 | D:4      | Reached XP level 6. HP: 9/41 MP: 6/10
  5417 | D:4      | Found a runed translucent door.
  5418 | D:4      | Noticed Crazy Yiuf
  5440 | D:4      | Killed Crazy Yiuf
  5441 | D:4      | Reached XP level 7. HP: 28/46 MP: 7/11
  5813 | D:4      | Reached skill level 1 in Staves
  6025 | D:4      | Found a staircase to the Ecumenical Temple.
  6047 | Temple   | Entered the Ecumenical Temple
  6222 | Temple   | Became a worshipper of Kikubaaqudgha
  6813 | D:5      | Entered Level 5 of the Dungeon
  6890 | D:5      | Got a bloodstained falchion
  6891 | D:5      | Identified the +4 falchion of Eternal Harmony {flame,
                  | *Corrode +Inv rElec Stlth+} (You found it on level 5 of the
                  | Dungeon)
  7079 | D:5      | Noticed Blork the orc
  7090 | D:5      | Killed Blork the orc
  7091 | D:5      | Reached skill level 1 in Fighting
  7091 | D:5      | Reached skill level 1 in Evocations
  7097 | D:5      | Reached skill level 6 in Ice Magic
  7109 | D:5      | Reached XP level 8. HP: 17/54 MP: 9/13
  7434 | D:5      | Reached skill level 1 in Long Blades
  7492 | D:5      | Noticed Grinder
  7508 | D:5      | Killed Grinder
  7509 | D:5      | Reached skill level 1 in Shields
  8299 | D:6      | Got a bloodstained rapier
  8300 | D:6      | Identified the +4 rapier of Infinite Pain {flame, *Noise
                  | rF+ Str+4 Dex+4} (You found it on level 6 of the Dungeon)
  8301 | D:6      | Found Bonavem's Magic Scroll Boutique.
  8307 | D:6      | Bought a scroll of magic mapping for 42 gold pieces
  8307 | D:6      | Bought a scroll of identify for 24 gold pieces
  8307 | D:6      | Bought a scroll of remove curse for 36 gold pieces
  8307 | D:6      | Bought 2 scrolls of immolation for 84 gold pieces
  8307 | D:6      | Bought a scroll of magic mapping for 42 gold pieces
  8307 | D:6      | Bought a scroll of blinking for 90 gold pieces
  8352 | D:6      | Noticed Eustachio
  8361 | D:6      | Reached * piety under Kikubaaqudgha
  8361 | D:6      | Identified Kikubaaqudgha's Volume of Unholy Secrets
                  | (Kikubaaqudgha gifted it to you on level 6 of the Dungeon)
  8361 | D:6      | Received a gift from Kikubaaqudgha
  8368 | D:6      | Killed Eustachio
  8369 | D:6      | Reached skill level 1 in Polearms
  8369 | D:6      | Reached skill level 1 in Transmutations
  8369 | D:6      | Reached XP level 9. HP: 31/61 MP: 7/14
  9402 | D:6      | Slain by an orc warrior

Illustrated notes

Levels and vault maps discovered:
D:1:      sevenhm_arrival_forest_fort_large_4, layout_basic
D:2:      layout_basic, general_overflow_altar, minivault_19,
          kennysheep_generic_room_6
D:3:      minmay_general_purpose_star, layout_basic, minmay_misc_feat_enclosed,
          serial_park_tiny_pond
D:4:      layout_loops_ring, minmay_temple_entry_drinking_statues,
          nicolae_ossuary_entry_giza, uniq_crazy_yiuf_cottage
D:5:      layout_loops_ring, uniq_grinder, uniq_blork_the_orc
D:6:      layout_cave_pods, serial_shops, kennysheep_little_box, uniq_eustachio
D:7:      layout_loops_cross, nicolae_dithmenos_shadow_blocks
Temple:   kilobyte_greek_temple

Skill      XL: |  1  2  3  4  5  6  7  8  9 |
---------------+----------------------------+-----
Armour         | 1 2 3 |  3.7
Ice Magic      | 5 6 |  6.5
Necromancy     | 1 2 3 |  3.3
Dodging        | 3 4 |  4.2
Spellcasting   | 3 4 |  4.0
Staves         | 1 |  1.1
Fighting       | 1 2 |  2.5
Evocations     | 1 2 |  2.4
Long Blades    | 2 |  2.4
Shields        | 1 2 |  2.2
Polearms       | 1 |  1.5
Transmutations | 1 |  1.4
Stealth        | |  2.0

Action                   |  1- 3 |  4- 6 |  7- 9 || total
-------------------------+-------+-------+-------++-------
Melee: Spear             |    89 |   176 |       ||   265
       Morningstar       |       |    90 |       ||    90
       Dagger            |       |     6 |       ||     6
       Quarterstaff      |       |       |    29 ||    29
       Trident           |       |       |    28 ||    28
       Falchion          |       |       |    65 ||    65
       Rapier            |       |       |    53 ||    53
       War axe           |       |       |    11 ||    11
 Cast: Freeze            |    13 |     5 |       ||    18
       Frozen Ramparts   |       |     7 |    12 ||    19
  Use: Scroll            |       |       |    13 ||    13
 Stab: Sleeping          |     4 |     5 |     8 ||    17
       Distracted        |       |     1 |     1 ||     2
Armor: Robe              |     6 |       |       ||     6
       Leather armour    |    15 |    56 |     9 ||    80
       Ring mail         |       |       |    19 ||    19
Dodge: Dodged            |    49 |   209 |   150 ||   408
       Rpst.: Falchion   |       |       |    17 ||    17
